 Dungeon Crawl Stone Soup version 0.22.0-16-gc6d26f6 (webtiles) character file.

59 bosm the Ducker (level 4, 0/32 HPs)
             Began as a Merfolk Earth Elementalist on Aug 17, 2018.
             Succumbed to an adder's poison
             ... on level 2 of the Dungeon.
             The game lasted 00:03:25 (1355 turns).

bosm the Ducker (Merfolk Earth Elementalist)        Turns: 1355, Time: 00:03:26

Health: 0/32       AC:  2    Str:  9    XL:     4   Next: 3%
Magic:  4/8        EV: 14    Int: 16    God:
Gold:   52         SH:  0    Dex: 14    Spells: 8/9 levels left

rFire    . . .     SeeInvis .   a - +0 dagger
rCold    . . .     Gourm    .   (no shield)
rNeg     . . .     Faith    .   c - +0 robe
rPois    +         Spirit   .   (helmet restricted)
rElec    .         Reflect  .   (no cloak)
rCorr    .         Harm     .   (no gloves)
MR       .....                  (no boots)
Stlth    ++........             (no amulet)
HPRegen  0.10/turn              (no ring)
MPRegen  0.11/turn              (no ring)

@: lethally poisoned (0 -> -2)
A: change form in water, swift swim, stealthy swim, antennae 1, clever 1,
deterioration 1, poison resistance
a: no special abilities


You were on level 2 of the Dungeon.
You were not hungry.

You visited 1 branch of the dungeon, and saw 2 of its levels.

You collected 52 gold pieces.

Inventory:

Hand Weapons
 a - a +0 dagger (weapon)
 f - a +0 whip
Missiles
 b - 7 stones (quivered)
Armour
 c - a +0 robe (worn)
 i - a +0 leather armour
 m - a +0 ring mail
Jewellery
 k - an uncursed amulet of harm {unknown}
Scrolls
 e - a scroll of remove curse {unknown}
 g - a scroll of noise {unknown}
 h - a scroll of blinking {unknown}
 l - a scroll of amnesia {unknown}
Comestibles
 d - 4 rations
 n - 3 chunks of flesh


   Skills:
 + Level 1.6 Fighting
 + Level 3.6 Dodging
 - Level 2.1 Stealth
 * Level 3.1 Spellcasting
   Level 1.3 Transmutations
 - Level 2.4 Earth Magic


You had 8 spell levels left.
You knew the following spells:

 Your Spells              Type           Power        Failure   Level  Hunger
a - Sandblast             Erth           ##....       7%          1    #......

Your spell library contained the following spells:

 Spells                   Type           Power        Failure   Level  Hunger
 Stone Arrow              Conj/Erth      #.....       34%         3    ###....
 Passwall                 Tmut/Erth      #.......     13%         2    ##.....
 Lee's Rapid Deconstruct  Erth           ##........   88%         5    ######.
 Petrify                  Tmut/Erth      #.......     65%         4    #####..


Dungeon Overview and Level Annotations

Branches:
Dungeon (2/15)

Altars:
Uskayaw


Innate Abilities, Weirdness & Mutations

You revert to your normal form in water.
You are very nimble and swift while swimming.
You are very stealthy in the water. (Stealth+)
You have a pair of small antennae on your head.
Your mind is acute. (Int +2)
Your body sometimes deteriorates upon taking damage.
Your system is resistant to poisons. (rPois)


Message History

* * * LOW HITPOINT WARNING * * *
You feel sick.
Quiver which item? (- for none, * to show all) (? for menu, Esc to quit)
Okay, then.
* * * LOW HITPOINT WARNING * * *
You feel sick.
You see here an adder corpse.
You see here a club.
* * * LOW HITPOINT WARNING * * *
You feel sick.
* * * LOW HITPOINT WARNING * * *
You feel sick.
Your magical contamination has completely faded away.
* * * LOW HITPOINT WARNING * * *
You feel sick.
* * * LOW HITPOINT WARNING * * *
You feel sick.
* * * LOW HITPOINT WARNING * * *
You feel sick.
You die...

#..#.((#.# .#
##..#####.##.#
#.........#..
#....._.....
#.........# ...#.
#.........# ......
#.........# #........
#.......).#..#)....#..
#....@....#..#........
#####)#####..#........
#†# #..##.#.#.... #.#
##..##........
#.###...##...#....
#.#........####...
#.................
###.....######....
#.....# #....


There were no monsters in sight!

Vanquished Creatures
  2 adders (D:2)
  A worm (D:2)
  A dart slug (D:1)
  A leopard gecko (D:1)
  3 bats (D:1)
  3 giant cockroaches (D:1)
  7 goblins (D:1)
  4 hobgoblins
  3 jackals (D:1)
  A quokka (D:2)
  A ball python (D:1)
  A frilled lizard (D:1)
  A kobold (D:1)
  5 rats (D:1)
34 creatures vanquished.

Notes
Turn   | Place    | Note
-------+----------+-------------------------------------------
     0 | D:1      | bosm the Merfolk Earth Elementalist began the quest for the Orb.
     0 | D:1      | Reached XP level 1. HP: 13/13 MP: 3/3
    93 | D:1      | Reached XP level 2. HP: 13/20 MP: 0/5
   229 | D:1      | Reached skill level 1 in Fighting
   334 | D:1      | Reached XP level 3. HP: 18/26 MP: 0/6
  1309 | D:2      | Found a hide-covered altar of Uskayaw.
  1313 | D:2      | Noticed a hand axe
  1313 | D:2      | Noticed a dagger
  1330 | D:2      | Reached XP level 4. HP: 7/32 MP: 1/8
  1331 | D:2      | Gained mutation: You have a pair of small horns on your head. [potion of mutation]
  1331 | D:2      | Gained mutation: You are frail. (-10% HP) [potion of mutation]
  1331 | D:2      | Gained mutation: Your system is resistant to poisons. (rPois) [potion of mutation]
  1332 | D:2      | Lost mutation: You are frail. (-10% HP) [potion of mutation]
  1332 | D:2      | Gained mutation: Your muscles are strong. (Str +2) [potion of mutation]
  1332 | D:2      | Gained mutation: Your mind is acute. (Int +2) [potion of mutation]
  1333 | D:2      | Lost mutation: Your mind is acute. (Int +2) [potion of mutation]
  1333 | D:2      | Lost mutation: You have a pair of small horns on your head. [potion of mutation]
  1333 | D:2      | Lost mutation: Your muscles are strong. (Str +2) [potion of mutation]
  1333 | D:2      | Gained mutation: You have a pair of small antennae on your head. [potion of mutation]
  1333 | D:2      | Gained mutation: Your body sometimes deteriorates upon taking damage. [potion of mutation]
  1333 | D:2      | Gained mutation: Your mind is acute. (Int +2) [potion of mutation]
  1347 | D:2      | HP: 1/32 [poisoned by an adder]
  1355 | D:2      | Succumbed to an adder's poison

Skill      XL: |  1  2  3 |
---------------+----------+-----
Dodging        | 3 |  3.6
Fighting       | 1 |  1.6
Spellcasting   | 3 |  3.1
Stealth        | |  2.1
Transmutations | |  1.3
Earth Magic    | |  2.4

Action                   |  1- 3 |  4- 6 || total
-------------------------+-------+-------++-------
Melee: Dagger            |    42 |       ||    42
 Cast: Sandblast         |    46 |       ||    46
  Use: Potion            |       |     3 ||     3
 Stab: Sleeping          |     3 |       ||     3
  Eat: Chunk             |     2 |       ||     2
Armor: Robe              |    13 |       ||    13
Dodge: Dodged            |    53 |       ||    53
